 Dungeon Crawl Stone Soup version 0.29-a0-451-gfbfa42419e (webtiles) character file.

Game seed: 2402002367048055811

49513 Ijustatesigmund the Thaumaturge (level 14, -12/108 HPs)
             Began as a Gnoll Fire Elementalist on May 19, 2022.
             Was the Champion of Cheibriados.
             Mangled by Donald
             ... wielding a +3 scimitar of distortion
              (41 damage)
             ... on level 1 of the Orcish Mines.
             The game lasted 01:03:16 (26594 turns).

Ijustatesigmund the Thaumaturge (GnFE)             Turns: 26594, Time: 01:03:17

Health: -12/108    AC:  5    Str: 25    XL:     14   Next: 51%
Magic:  20/37      EV: 20    Int: 47    God:    Cheibriados [******]
Gold:   1370       SH: 14    Dex: 27    Spells: 4/34 levels left

rFire   . . .      SeeInvis .   T - +5 long sword "Riphaulu" {venom, *Corrode Int+7}
rCold   . . .      Faith    .   K - +0 kite shield
rNeg    . . .      Spirit   .   a - +0 leather armour of Agoraphobia {Str+2 Int+5}
rPois   +          Reflect  .   w - +0 helmet
rElec   .          Harm     .   d - +0 cloak {rPois}
rCorr   .          Rampage  .   g - +0 pair of gloves
Will    +....                   l - +0 pair of boots
Stlth   +++++.....              U - amulet of regeneration
HPRegen 1.08/turn               I - ring of wizardry
MPRegen 0.25/turn               r - ring of magical power

@: corroded, very slow
A: fangs 1, strong nose, distributed training
a: Renounce Religion, Bend Time, Temporal Distortion, Slouch, Step From Time


You were on level 1 of the Orcish Mines.
You worshipped Cheibriados.
Cheibriados was exalted by your worship.
You visited 4 branches of the dungeon, and saw 22 of its levels.

You collected 1506 gold pieces.
You spent 136 gold pieces at shops.

Inventory:

Hand Weapons
 c - a +4 trident of freezing
 T - the +5 long sword "Riphaulu" (weapon) {venom, *Corrode Int+7}
   (You found it on level 2 of the Lair of Beasts)

   It poisons the flesh of those it strikes.
   Int:       It affects your intelligence (+7).
   *Corrode:  It may corrode you when you take damage.
Armour
 a - the +0 leather armour of Agoraphobia (worn) {Str+2 Int+5}
   (You found it on level 5 of the Dungeon)

   Str:       It affects your strength (+2).
   Int:       It affects your intelligence (+5).
 d - a +0 cloak of poison resistance (worn)
 g - a +0 pair of gloves (worn)
 l - a +0 pair of boots (worn)
 w - a +0 helmet (worn)
 H - a +0 troll leather armour
 K - a +0 kite shield (worn)
Magical Staves
 i - a staff of air
Jewellery
 e - a ring of fire
 m - an amulet of the acrobat
 r - a ring of magical power (right hand)
 s - a +6 ring of intelligence
 t - a ring of magical power
 B - a ring of ice
 I - a ring of wizardry (left hand)
 L - a ring of ice
 P - a ring of flight
 U - an amulet of regeneration (around neck)
 V - an amulet of magic regeneration
Wands
 u - a wand of paralysis (10)
 z - a wand of iceblast (5)
 G - a wand of polymorph (4)
 J - a wand of mindburst (6)
 Q - a wand of flame (25)
Scrolls
 k - 7 scrolls of teleportation
 v - 2 scrolls of magic mapping
 x - 8 scrolls of identify
 y - 3 scrolls of immolation
 D - 3 scrolls of enchant weapon
 E - 4 scrolls of fog
 F - 3 scrolls of poison
 M - 2 scrolls of amnesia
 N - a scroll of blinking
 O - 2 scrolls of brand weapon
 S - a scroll of fear
Potions
 b - 3 potions of magic
 f - 10 potions of curing
 h - 5 potions of might
 j - a potion of mutation
 n - 3 potions of brilliance
 o - 5 potions of ambrosia
 p - 7 potions of attraction
 q - 4 potions of haste
 A - 3 potions of heal wounds
 C - a potion of cancellation
Miscellaneous
 R - a phantom mirror


   Skills:
 + Level 9.3 Fighting
 + Level 9.3 Short Blades
 + Level 9.3 Long Blades
 + Level 9.3 Axes
 + Level 9.3 Maces & Flails
 + Level 9.3 Polearms
 + Level 9.3 Staves
 + Level 9.3 Slings
 + Level 9.3 Bows
 + Level 9.3 Crossbows
 + Level 9.3 Throwing
 + Level 9.3 Armour
 + Level 10.4 Dodging
 + Level 10.2 Stealth
 + Level 9.3 Shields
 + Level 9.3 Unarmed Combat
 + Level 10.6 Spellcasting
 + Level 8.1 Conjurations
 + Level 7.7 Hexes
 + Level 7.7 Summonings
 + Level 7.7 Necromancy
 + Level 7.7 Translocations
 + Level 7.7 Transmutations
 + Level 9.5 Fire Magic
 + Level 7.7 Ice Magic
 + Level 7.7 Air Magic
 + Level 7.7 Earth Magic
 + Level 7.7 Poison Magic
 + Level 10.1 Invocations
 + Level 9.3 Evocations


You had 4 spell levels left.
You knew the following spells:

 Your Spells              Type           Power      Damage    Failure   Level
a - Foxfire               Conj/Fire      100%       2x1d9     1%          1
b - Scorch                Fire           100%       2d10      1%          2
c - Flame Wave            Conj/Fire      83%        2d14      1%          4
d - Apportation           Tloc           100%       N/A       1%          1
e - Stone Arrow           Conj/Erth      100%       3d13      1%          3
f - Passwall              Tmut/Erth      65%        N/A       1%          2
g - Blink                 Tloc           100%       N/A       1%          2
h - Olgreb's Toxic Radia  Pois           78%        N/A       1%          4
i - Agony                 Necr           78%        N/A       1%          5
j - Summon Cactus Giant   Summ           39%        N/A       7%          6

Your spell library contained the following spells:

 Spells                   Type           Power      Damage    Failure   Level
 Necrotize                Necr           100%       1d9       1%          1
 Sandblast                Erth           100%       2d20      1%          1
 Sting                    Tmut/Pois      100%       1d8       1%          1
 Summon Small Mammal      Summ           100%       N/A       1%          1
 Poisonous Vapours        Pois/Air       100%       N/A       1%          2
 Sublimation of Blood     Necr           78%        N/A       1%          2
 Wereblood                Tmut           78%        N/A       1%          2
 Call Canine Familiar     Summ           78%        N/A       1%          3
 Conjure Flame            Conj/Fire      83%        6-21      1%          3
 Inner Flame              Hex/Fire       82%        N/A       1%          3
 Lesser Beckoning         Tloc           78%        N/A       1%          3
 Ozocubu's Armour         Ice            78%        N/A       1%          3
 Portal Projectile        Hex/Tloc       100%       N/A       1%          3
 Spider Form              Tmut/Pois      78%        N/A       1%          3
 Tukima's Dance           Hex            78%        N/A       1%          3
 Vampiric Draining        Necr           78%        2d11      1%          3
 Animate Armour           Summ/Erth      100%       N/A       1%          4
 Corpse Rot               Necr/Pois/Air  78%        N/A       1%          4
 Leda's Liquefaction      Hex/Erth       39%        N/A       1%          4
 Passage of Golubria      Tloc           78%        N/A       1%          4
 Summon Ice Beast         Ice/Summ       78%        N/A       1%          4
 Alistair's Intoxication  Tmut/Pois      52%        N/A       1%          5
 Blade Hands              Tmut           39%        N/A       1%          5
 Manifold Assault         Tloc           78%        N/A       1%          5
 Silence                  Hex/Air        39%        N/A       1%          5
 Summon Forest            Summ/Tloc      39%        N/A       1%          5
 Summon Mana Viper        Hex/Summ       78%        N/A       1%          5
 Ozocubu's Refrigeration  Ice            39%        4d12      34%         7
 Storm Form               Tmut/Air       39%        N/A       34%         7
 Summon Hydra             Summ           39%        N/A       34%         7
 Lehudib's Crystal Spear  Conj/Erth      39%        10d10     92%         8


Dungeon Overview and Level Annotations

Branches:
Dungeon (13/15)            Temple (1/1) D:5            Lair (6/6) D:8
  Swamp (0/4) Lair:4        Snake (0/4) Lair:4        Slime (0/5) Lair:6
    Orc (2/2) D:12
    Elf: Orc:2       Vaults: D:13-14

Altars:
Ashenzari
Cheibriados
Dithmenos
Elyvilon
Fedhas
Gozag
Hepliaklqana
Kikubaaqudgha
Makhleb
Nemelex Xobeh
Okawaru
Qazlal
Ru
Sif Muna
Trog
Uskayaw
Vehumet
Wu Jian
Xom
Yredelemnul
Zin
The Shining One
Jiyva

Shops:
D:1 *   D:6 [   D:10 =

Annotations:
Lair:6 1 runed translucent door
Orc:1 Donald


Innate Abilities, Weirdness & Mutations

You have very sharp teeth.
Your uncanny sense of smell can sniff out nearby items.
Your experience applies equally to all skills.


Message History

Cheibriados thoroughly appreciates the change of pace.
You hear a shout! x2; The orc knight shouts!
You hear a shout!
You hear a howl!
You hear a shout! x3
An orc comes into view. It is wielding a +0 hand axe.
A wave of flame ripples out!
The flame wave engulfs Donald!!
Donald is heavily wounded.
You finish channelling waves of flame.
The orc shouts!
You hear a shout! x4; You hear a howl!
You hear a shout!
An orc warrior comes into view.
It is wielding a +0 glaive and wearing a +7 plate armour of ponderousness.
Donald hits you with a +3 scimitar of distortion!!
The orc knight roars a battlecry!
The orcs go into a battle-frenzy!
An orc warrior comes into view. It is wielding a +0 short sword.
The orc priest begins to cast a cantrip, but forgets the words!
Donald says, "The Vaults look kind of boring."
Donald hits you with a +3 scimitar of distortion!
Space warps around you.
You climb upwards.
There is a stone staircase leading down here.
Casting: Flame Wave (safe; 1% risk of failure)
Confirm with . or Enter, or press ? or * to list all spells.
Donald casts a spell.
Donald seems to speed up.
You hit Donald.
Donald is heavily wounded.
Donald hits you with a +3 scimitar of distortion!!!
Your corrosive artefact corrodes you!
Space warps around you.
* * * LOW HITPOINT WARNING * * *
You are too injured to fight recklessly!
Unknown command.
Casting: Summon Cactus Giant (dangerous; 7% risk of failure)
Confirm with . or Enter, or press ? or * to list all spells.
Aiming: Stone Arrow (safe; 1% risk of failure)
Press: ? - help, Shift-Dir - straight line, f - Donald
Aim: Donald, wielding a +3 scimitar of distortion, wearing a +2 plate armour of cold resistance and wearing a +0 kite shield of reflection (heavily wounded, fast, strong, poisoned, ally target, 89% to hit)
The stone arrow hits Donald!!
Donald is severely wounded.
Donald says, "Quick, run away!"
Donald hits you with a +3 scimitar of distortion!!!
You die...

#....##............#
##..............#.##
#.........#.......##
##.#......#........#
##...............##
##.#..............#
#.................#
##........#......##
####.[.....@C.....##
##.#..)[.....@......#
#....[.#...........##
##.....[[.....#.#...#
###.#)#[..........##
####.........#.#.##
##..#........######
##....)...#....##
##....#...##.....#


You could see Donald (fast, strong, poisoned, ally target) and a friendly cactus
giant (summoned).

Vanquished Creatures
  A fire dragon (Lair:6)
  5 hydras
  A boulder beetle (Lair:2)
  A centaur warrior (D:13)
  2 two-headed ogres
  5 death yaks (Lair:6)
  A fire crab (Lair:6)
  An ugly thing (D:11)
  A cyclops (D:12)
  3 manticores
  4 elephants (Lair:5)
  3 black mambas (Lair:6)
  2 molten gargoyles (Lair:6)
  A torpor snail (Lair:5)
  7 cane toads
  4 rime drakes
  8 komodo dragons
  A tengu conjurer (D:13)
  3 trolls
  3 meliai (Lair:6)
  5 blink frogs (Lair:1)
  A polar bear (Lair:5)
  A queen bee (Lair:6)
  3 slime creatures (D:12)
  9 dream sheep
  65 yaks
  6 wyverns
  2 vampires
  4 humans (D:13)
  4 steam dragons
  13 vampire mosquitoes
  8 basilisks
  12 water moccasins
  An acid dragon (D:11)
  4 hell hounds (Lair:6)
  Duvessa (D:5)
  2 ice beasts (D:6)
  3 black bears
  11 orc warriors
  2 sky beasts
  5 ogres
  4 centaurs
  11 wolves
  A phantom (D:6)
  2 kobold brigands
  4 necrophages
  16 bullfrogs
  A gnoll sergeant (D:10)
  4 scorpions
  11 wights
  Dowan (D:5)
  25 killer bees
  An electric eel (D:6)
  6 lava snakes
  3 hounds
  6 jellies
  A gnoll shaman (D:7)
  9 orc priests
  6 iguanas
  21 orc wizards
  7 gnolls
  5 adders
  2 white imps (D:7)
  2 worms
  A dart slug (D:5)
  57 orcs
  6 bats
  6 endoplasms
  4 giant cockroaches
  9 goblins
  10 hobgoblins
  A quokka (D:2)
  8 ball pythons
  2 frilled lizards (D:1)
  13 kobolds
  10 rats
  A bush (Lair:4)
496 creatures vanquished.

Vanquished Creatures (collateral kills)
  An orc warrior (Orc:1)
  An ogre (Orc:1)
  An orc (Orc:1)
  A foxfire (Lair:6)
4 creatures vanquished.

Vanquished Creatures (others)
  306 foxfires
  23 fungi
  44 plants
  4 withered plants (D:1)
377 creatures vanquished.

Grand Total: 877 creatures vanquished

Notes
Turn   | Place    | Note
-------+----------+-------------------------------------------
     0 | D:1      | Ijustatesigmund the Gnoll Fire Elementalist began the quest
                  | for the Orb.
     0 | D:1      | Reached XP level 1. HP: 13/13 MP: 6/6
   158 | D:1      | Found a faded altar of an unknown god.
   442 | D:1      | Reached XP level 2. HP: 19/19 MP: 5/7
   445 | D:1      | Learned a level 2 spell: Scorch
   474 | D:1      | Found Neahan's Assorted Antiques.
   642 | D:1      | Bought a scroll labelled LAFORE QOAMOX for 29 gold pieces
  1269 | D:1      | Reached XP level 3. HP: 25/25 MP: 6/9
  1451 | D:2      | Reached skill level 5 in Spellcasting
  1512 | D:2      | Found a bloodstained altar of Trog.
  1670 | D:2      | Reached skill level 1 in Invocations
  2448 | D:3      | Reached skill level 1 in Fighting
  2448 | D:3      | Reached skill level 1 in Short Blades
  2448 | D:3      | Reached skill level 1 in Long Blades
  2448 | D:3      | Reached skill level 1 in Axes
  2448 | D:3      | Reached skill level 1 in Maces & Flails
  2448 | D:3      | Reached skill level 1 in Polearms
  2448 | D:3      | Reached skill level 1 in Staves
  2448 | D:3      | Reached skill level 1 in Slings
  2448 | D:3      | Reached skill level 1 in Bows
  2448 | D:3      | Reached skill level 1 in Crossbows
  2448 | D:3      | Reached skill level 1 in Throwing
  2448 | D:3      | Reached skill level 1 in Armour
  2448 | D:3      | Reached skill level 1 in Shields
  2448 | D:3      | Reached skill level 1 in Unarmed Combat
  2448 | D:3      | Reached skill level 1 in Evocations
  2758 | D:3      | Reached XP level 4. HP: 32/32 MP: 4/11
  3250 | D:3      | Reached skill level 1 in Hexes
  3250 | D:3      | Reached skill level 1 in Summonings
  3250 | D:3      | Reached skill level 1 in Necromancy
  3250 | D:3      | Reached skill level 1 in Translocations
  3250 | D:3      | Reached skill level 1 in Transmutations
  3250 | D:3      | Reached skill level 1 in Ice Magic
  3250 | D:3      | Reached skill level 1 in Air Magic
  3250 | D:3      | Reached skill level 1 in Earth Magic
  3250 | D:3      | Reached skill level 1 in Poison Magic
  3578 | D:1      | Bought a scroll labelled IREFIHU JONOU for 29 gold pieces
  3578 | D:1      | Bought an inky potion for 26 gold pieces
  3578 | D:1      | Bought a fizzy grey potion for 26 gold pieces
  3578 | D:1      | Bought a golden potion for 26 gold pieces
  3801 | D:4      | Noticed a scorpion
  3807 | D:4      | Killed a scorpion
  3807 | D:4      | Noticed a water moccasin
  3808 | D:4      | Reached XP level 5. HP: 37/37 MP: 5/12
  3820 | D:4      | Killed a water moccasin
  3821 | D:4      | Reached XP level 6. HP: 10/44 MP: 0/14
  4064 | D:4      | Got the Papyrus of the Icy Birds
  4131 | D:4      | Reached skill level 5 in Dodging
  4733 | D:4      | Found a shadowy altar of Dithmenos.
  4992 | D:4      | Learned a level 4 spell: Flame Wave
  4994 | D:4      | Learned a level 1 spell: Apportation
  5024 | D:5      | Entered Level 5 of the Dungeon
  5053 | D:5      | Found a staircase to the Ecumenical Temple.
  5055 | D:5      | Noticed a black bear
  5067 | D:5      | Killed a black bear
  5068 | D:5      | Reached XP level 7. HP: 51/51 MP: 15/15
  5077 | Temple   | Entered the Ecumenical Temple
  5330 | Temple   | Became a worshipper of Cheibriados the Contemplative
  5394 | D:5      | Learned a level 3 spell: Stone Arrow
  5711 | D:5      | Identified the +0 leather armour of Agoraphobia {Str+2
                  | Int+5}
  5743 | D:5      | Reached skill level 5 in Stealth
  5777 | D:5      | Noticed Duvessa
  5779 | D:5      | Noticed Dowan
  5785 | D:5      | Killed Duvessa
  5787 | D:5      | Killed Dowan
  5788 | D:5      | Reached XP level 8. HP: 54/57 MP: 8/16
  6278 | D:6      | Learned a level 2 spell: Passwall
  6394 | D:6      | Found Imaenoa's Armour Shoppe.
  6619 | D:6      | Reached * piety under Cheibriados
  7012 | D:6      | Reached XP level 9. HP: 65/65 MP: 18/18
  7955 | D:7      | Reached ** piety under Cheibriados
  8347 | D:7      | Found a bloodstained altar of Trog.
  8879 | D:8      | Reached skill level 5 in Invocations
  9240 | D:8      | Found a blossoming altar of Fedhas.
  9276 | D:8      | Noticed a two-headed ogre
  9285 | D:8      | Killed a two-headed ogre
  9286 | D:8      | Reached skill level 5 in Fighting
  9286 | D:8      | Reached skill level 5 in Short Blades
  9286 | D:8      | Reached skill level 5 in Long Blades
  9286 | D:8      | Reached skill level 5 in Axes
  9286 | D:8      | Reached skill level 5 in Maces & Flails
  9286 | D:8      | Reached skill level 5 in Polearms
  9286 | D:8      | Reached skill level 5 in Staves
  9286 | D:8      | Reached skill level 5 in Slings
  9286 | D:8      | Reached skill level 5 in Bows
  9286 | D:8      | Reached skill level 5 in Crossbows
  9286 | D:8      | Reached skill level 5 in Throwing
  9286 | D:8      | Reached skill level 5 in Armour
  9286 | D:8      | Reached skill level 5 in Shields
  9286 | D:8      | Reached skill level 5 in Unarmed Combat
  9286 | D:8      | Reached skill level 5 in Evocations
  9286 | D:8      | Reached XP level 10. HP: 39/74 MP: 13/20
  9714 | D:8      | Found a staircase to the Lair.
 10070 | D:9      | Reached *** piety under Cheibriados
 10914 | D:10     | Entered Level 10 of the Dungeon
 10915 | D:10     | Found Oggut's Jewellery Boutique.
 10971 | D:10     | Reached skill level 5 in Conjurations
 11517 | D:10     | Reached **** piety under Cheibriados
 12429 | D:11     | Reached XP level 11. HP: 25/81 MP: 20/22
 12721 | D:11     | Reached skill level 5 in Hexes
 12721 | D:11     | Reached skill level 5 in Summonings
 12721 | D:11     | Reached skill level 5 in Necromancy
 12721 | D:11     | Reached skill level 5 in Translocations
 12721 | D:11     | Reached skill level 5 in Transmutations
 12721 | D:11     | Reached skill level 5 in Ice Magic
 12721 | D:11     | Reached skill level 5 in Air Magic
 12721 | D:11     | Reached skill level 5 in Earth Magic
 12721 | D:11     | Reached skill level 5 in Poison Magic
 12981 | D:11     | Noticed a cyan ugly thing
 12982 | D:11     | Found a broken altar of Ashenzari.
 12990 | D:11     | Killed a cyan ugly thing
 13466 | D:12     | Noticed a manticore
 13466 | D:12     | Noticed a cyclops
 13524 | D:12     | Killed a cyclops
 13653 | D:12     | Killed a manticore
 13948 | D:12     | Reached ***** piety under Cheibriados
 14158 | D:12     | Found a staircase to the Orcish Mines.
 14555 | D:12     | Noticed a two-headed ogre
 14555 | D:12     | Noticed a two-headed ogre
 14884 | D:12     | Killed a two-headed ogre
 15238 | D:13     | Learned a level 2 spell: Blink
 15292 | D:13     | Noticed a manticore
 15293 | D:13     | Noticed a centaur warrior
 15293 | D:13     | Noticed an eight-headed hydra
 15303 | D:13     | Killed a centaur warrior
 15304 | D:13     | Killed a manticore
 15603 | D:13     | Noticed a manticore
 15621 | D:13     | Killed a manticore
 15868 | D:13     | Reached XP level 12. HP: 65/89 MP: 24/24
 16030 | D:13     | Killed an eight-headed hydra
 16511 | Lair:1   | Entered Level 1 of the Lair of Beasts
 17178 | Lair:1   | Noticed a five-headed hydra
 17185 | Lair:1   | Killed a five-headed hydra
 17865 | Lair:2   | Noticed a boulder beetle
 17882 | Lair:2   | Killed a boulder beetle
 18760 | Lair:2   | Identified the +5 long sword "Riphaulu" {venom, *Corrode
                  | Int+7}
 18919 | Lair:2   | Learned a level 4 spell: Olgreb's Toxic Radiance
 19104 | Lair:3   | Reached ****** piety under Cheibriados
 19113 | Lair:3   | Reached XP level 13. HP: 28/98 MP: 25/26
 19874 | Lair:3   | Got Jesuack's Papyrus of the Salmon
 20312 | Lair:4   | Found a staircase to the Swamp.
 20538 | Lair:4   | Found a staircase to the Snake Pit.
 22110 | Lair:5   | Reached skill level 10 in Spellcasting
 22933 | Lair:6   | Entered Level 6 of the Lair of Beasts
 23457 | Lair:6   | Reached skill level 10 in Dodging
 23484 | Lair:6   | Reached XP level 14. HP: 85/106 MP: 28/28
 23889 | Lair:6   | Found a runed translucent door.
 23889 | Lair:6   | Noticed an acid blob
 23890 | Lair:6   | Found a viscous altar of Jiyva.
 23890 | Lair:6   | Found a staircase to the Slime Pits.
 24130 | Lair:6   | Reached skill level 10 in Stealth
 24451 | Lair:6   | Identified the +0 leather armour of Music {-Tele Regen+
                  | Str+4}
 24592 | Lair:6   | Reached skill level 10 in Invocations
 25101 | Lair:6   | Found a large runed translucent door.
 25102 | Lair:6   | Found a large runed translucent door.
 25556 | Lair:6   | Identified the +7 hand axe "Koesag" {elec, Drain rC- Str+4
                  | Int+4}
 25923 | D:12     | Learned a level 5 spell: Agony
 25930 | D:12     | Learned a level 6 spell: Summon Cactus Giant
 25934 | Orc:1    | Entered Level 1 of the Orcish Mines
 26585 | Orc:2    | Entered Level 2 of the Orcish Mines
 26585 | Orc:2    | Noticed Donald
 26594 | Orc:1    | Mangled by Donald

Illustrated notes

Levels and vault maps discovered:
D:1:      psy_arrival_dodecagon, layout_loops_ring, serial_shops, shop,
          shapermc_ecumenical_altar_flowoftime
D:2:      layout_basic, basic_altar, serial_curves, eino_curves_04,
          eino_curves_03, eino_curves_04
D:3:      layout_loops_ring
D:4:      layout_basic, grunt_dithmenos_smoke_and_mirrors, minmay_misc_feat_rows
D:5:      layout_layer_cave, temple_fountains, uniq_duvessa
D:6:      cheibrodos_helix_gallery, layout_basic, serial_shops,
          nicolae_shop_hallway_plus, grunt_ministairs_15,
          minmay_increasing_density
D:7:      layout_loops_cross, trog_three_pillars_becter
D:8:      layout_loops_ring, mainiacjoe_overflow_alcove_1, lair_entry_dummy
D:9:      layout_stronghold
D:10:     layout_small_grid, serial_shops, nicolae_shop_advertising_works
          [nicolae_subvault_shop_adworks]
D:11:     layout_gridville, ashenzari_altar_1
D:12:     layout_gridville, erik_orc_3
D:13:     minmay_bloctagon_deflated, layout_basic, grunt_vaults_entry_tiered,
          nicolae_elemental_shop, grunt_decor_mini_mirrors
Temple:   mainiacjoe_temple_bowtie_tessellation
Lair:1:   layout_gridlike, st_stairs_3, cheibrodos_lair_caveside_slide
Lair:2:   layout_cave_pods, grunt_forest_small_clearing_treed
Lair:3:   layout_roguey, grunt_forest_small_clearings
Lair:4:   layout_regular_city, minmay_swamp_entry_swarm, dummy_snake_entry,
          small_statue_intersection, small_statue_intersection
Lair:5:   layout_roguey, infiniplex_staircase_pool
Lair:6:   cheibrodos_lair_end_hotspot, layout_loops_ring, slime_altar_2,
          special_room [special_room_bee]
Orc:1:    layout_caves, nicolae_orc_crystal_geode
Orc:2:    grunt_orc_gardens, layout_caves, grunt_orc_garden, grunt_orc_garden,
          grunt_orc_garden, grunt_orc_garden, uniq_donald, uniq_erolcha,
          uniq_josephine, uniq_nessos

Skill      XL: |  1  2  3  4  5  6  7  8  9 10 11 12 13 14 |
---------------+-------------------------------------------+-----
Conjurations   | 2 3 4 5 6 7 8 |  8.1
Spellcasting   | 5 6 7 8 9 10 | 10.6
Invocations    | 1 2 3 4 5 6 7 8 9 10 | 10.1
Fighting       | 1 2 3 5 6 7 8 9 |  9.3
Short Blades   | 1 2 3 5 6 7 8 9 |  9.3
Long Blades    | 1 2 3 5 6 7 8 9 |  9.3
Axes           | 1 2 3 5 6 7 8 9 |  9.3
Maces & Flails | 1 2 3 5 6 7 8 9 |  9.3
Polearms       | 1 2 3 5 6 7 8 9 |  9.3
Staves         | 1 2 3 5 6 7 8 9 |  9.3
Slings         | 1 2 3 5 6 7 8 9 |  9.3
Bows           | 1 2 3 5 6 7 8 9 |  9.3
Crossbows      | 1 2 3 5 6 7 8 9 |  9.3
Throwing       | 1 2 3 5 6 7 8 9 |  9.3
Armour         | 1 2 3 5 6 7 8 9 |  9.3
Shields        | 1 2 3 5 6 7 8 9 |  9.3
Unarmed Combat | 1 2 3 5 6 7 8 9 |  9.3
Evocations     | 1 2 3 5 6 7 8 9 |  9.3
Hexes          | 1 2 3 4 5 6 7 |  7.7
Summonings     | 1 2 3 4 5 6 7 |  7.7
Necromancy     | 1 2 3 4 5 6 7 |  7.7
Translocations | 1 2 3 4 5 6 7 |  7.7
Transmutations | 1 2 3 4 5 6 7 |  7.7
Ice Magic      | 1 2 3 4 5 6 7 |  7.7
Air Magic      | 1 2 3 4 5 6 7 |  7.7
Earth Magic    | 1 2 3 4 5 6 7 |  7.7
Poison Magic   | 1 2 3 4 5 6 7 |  7.7
Dodging        | 5 6 7 8 9 10 | 10.4
Stealth        | 5 6 7 8 9 10 | 10.2
Fire Magic     | 6 7 8 9 |  9.5

Action                   |  1- 3 |  4- 6 |  7- 9 | 10-12 | 13-15 || total
-------------------------+-------+-------+-------+-------+-------++-------
Melee: Short sword       |    58 |    25 |    22 |       |       ||   105
       Bite              |     5 |     2 |     5 |    29 |    32 ||    73
       Spear             |       |       |    17 |       |       ||    17
       Trident           |       |       |       |   233 |       ||   233
       Punch             |       |       |       |     1 |       ||     1
       Long sword        |       |       |       |    12 |   229 ||   241
 Cast: Foxfire           |    69 |    42 |    27 |    32 |    19 ||   189
       Scorch            |     8 |    14 |     7 |       |       ||    29
       Stone Arrow       |       |       |    68 |   103 |    70 ||   241
       Flame Wave        |       |       |     5 |    34 |    25 ||    64
       Passwall          |       |       |       |     1 |     1 ||     2
       Olgreb's Toxic Ra |       |       |       |     1 |    18 ||    19
       Summon Cactus Gia |       |       |       |       |     4 ||     4
Invok: Slouch            |       |       |       |     1 |     1 ||     2
       Bend Time         |       |       |       |     1 |       ||     1
       Temporal Distorti |       |       |       |       |     2 ||     2
       Step From Time    |       |       |       |       |     1 ||     1
Evoke: Wand              |       |       |       |     3 |     7 ||    10
  Use: Scroll            |     7 |     7 |     4 |    12 |     2 ||    32
       Potion            |       |       |     1 |     2 |     3 ||     6
 Stab: Sleeping          |     3 |     3 |     4 |     4 |     2 ||    16
       Distracted        |       |       |       |       |     2 ||     2
       Paralysed         |       |       |       |       |     1 ||     1
Armor: Robe              |    11 |    14 |       |       |       ||    25
       Leather armour    |       |       |    12 |    68 |    53 ||   133
Dodge: Dodged            |    44 |    28 |    37 |   275 |   287 ||   671
Block: Kite shield       |       |       |       |   211 |   279 ||   490

Table legend: (Time is in decaauts)
 A = Elapsed time spent in this place.
 B = Non-inter-level travel time spent in this place.
 C = Inter-level travel time spent in this place.
 D = Time resting spent in this place.
 E = Time spent auto-exploring this place.
 F = Levels seen in this place.
 G = Mean time per level.
                   A        B        C        D        E       F      G
               +--------+--------+--------+--------+--------+-----+--------+
         Total |  34702 |  32761 |   1941 |   7530 |  21216 |  22 | 1577.4 |
       Dungeon |  19850 |  18535 |   1315 |   4321 |  12093 |  13 | 1526.9 |
        Temple |    276 |    240 |     36 |      0 |    229 |   1 |  276.0 |
          Lair |  13488 |  12914 |    574 |   3209 |   8074 |   6 | 2248.0 |
  Orcish Mines |   1087 |   1072 |     15 |      0 |    819 |   2 |  543.5 |
               +--------+--------+--------+--------+--------+-----+--------+

Top non-repeatable levels by time:
  Lair:6: 3293 daAuts
    D:12: 2548 daAuts
  Lair:4: 2351 daAuts
  Lair:5: 2325 daAuts
  Lair:2: 2227 daAuts
    D:11: 2017 daAuts
  Lair:1: 1996 daAuts
     D:6: 1888 daAuts
     D:8: 1709 daAuts
    D:10: 1676 daAuts
     D:1: 1618 daAuts
     D:9: 1549 daAuts
  Lair:3: 1294 daAuts
     D:4: 1260 daAuts
    D:13: 1205 daAuts
